 Dungeon Sprint DCSS version 0.24.0-125-gc4c63601f3 (webtiles) character file.

Game seed: 321889617832286869, levelgen mode: deterministic

35 Freyura the Insei (level 3, -3/45 HPs)
             Began as a Draconian Transmuter on Feb 22, 2020.
             Slain by a hound (5 damage)
             ... in the Dungeon (Sprint IX: "|||||||||||||||||||||||||||||").
             The game lasted 00:01:00 (190 turns).

Freyura the Insei (Draconian Transmuter)             Turns: 190, Time: 00:01:01

Health: -3/45      AC: -3    Str: 17    XL:     3   Next: 16%
Magic:  3/7        EV: 13    Int: 13    God:
Gold:   0          SH:  0    Dex: 12    Spells: 7/8 levels left

rFire    . . .     SeeInvis .     - Unarmed
rCold    . . .     Gourm    .   (no shield)
rNeg     . . .     Faith    .   (armour unavailable)
rPois    .         Spirit   .   (helmet restricted)
rElec    .         Reflect  .   (no cloak)
rCorr    .         Harm     .   (no gloves)
MR       .....     NoTele   +   (no boots)
Stlth    ..........             (no amulet)
HPRegen  0.15/turn              (no ring)
MPRegen  0.10/turn              (no ring)

@: berserking, appendage (expiring), corroded, very quick
A: unfitting armour, horns 2, cold-blooded, AC +5
a: End Transformation


You were in the Dungeon.
You were not hungry.
You had grown temporary horns.
You visited 1 branch

Inventory:

Missiles
 a - 12 arrows
Scrolls
 i - a scroll of blinking
Potions
 d - a potion of curing
 f - a potion of haste
 g - 2 potions of magic
Comestibles
 c - a ration


   Skills:
 + Level 2.8 Fighting
 + Level 2.9 Dodging
 * Level 4.7 Unarmed Combat
 + Level 3.0 Spellcasting
 + Level 3.1 Transmutations


You had 7 spell levels left.
You knew the following spells:

 Your Spells              Type           Power        Failure   Level  Hunger
a - Beastly Appendage     Tmut           ##....       6%          1    #......

Your spell library contained the following spells:

 Spells                   Type           Power        Failure   Level  Hunger
 Sticks to Snakes         Tmut           ##......     10%         2    ###....
 Spider Form              Tmut/Pois      #.........   36%         3    ###....
 Ice Form                 Ice/Tmut       #.......     77%         4    #####..
 Blade Hands              Tmut           ##........   87%         5    ######.


Dungeon Overview and Level Annotations

Branches:
Dungeon (1/1)

Altars:


Innate Abilities, Weirdness & Mutations

Your plain brown scales are hard. (AC +5)
You cannot fit into any form of body armour.
You are cold-blooded and may be slowed by cold attacks.
You have a pair of horns on your head.


Message History

You feel much better. The jelly hits you.
You are splashed with acid!
A red film seems to cover your vision as you go berserk!
You feel yourself moving faster!
You feel mighty! The jelly hits you. The acid corrodes you!
You are splashed with acid!
* * * LOW HITPOINT WARNING * * *
You punch the jelly!
You kill the jelly!
Your Fighting skill increases to level 2!
Your Unarmed Combat skill increases to level 4!
Your Spellcasting skill increases to level 3!
Your Transmutations skill increases to level 3!
You have reached level 2!
You have reached level 3!
Your experience leads to an increase in your attributes!
Your base attributes are Str 12, Int 13, Dex 11.
Increase (S)trength, (I)ntelligence, or (D)exterity?
You feel agile.
Your scales feel tougher.
You closely miss the hound. The hound closely misses you.
You hit the hound but do no damage. The hound bites you.
You die...

▓.▓
▓.▓
▓.▓
▓)▓
▓)▓
▓)▓
▓.▓
▓.▓
▓@▓
▓h▓
▓l▓
▓a▓
▓c▓
▓.▓
▓.▓
▓+▓


You could see a centaur, an iguana, a hound and a worker ant.

Vanquished Creatures
  A jelly (D)
  A hobgoblin (D)
  2 kobolds (D)
  A bat (D)
  A rat (D)
6 creatures vanquished.

Vanquished Creatures (others)
  A spatial maelstrom (D)
1 creature vanquished.

Grand Total: 7 creatures vanquished

Notes
Turn   | Place    | Note
-------+----------+-------------------------------------------
     0 | D        | Freyura the Draconian Transmuter began the quest for the
                  | Orb.
     0 | D        | Reached XP level 1. HP: 16/16 MP: 3/3
     4 | D        | Banished a spatial maelstrom
   184 | D        | Noticed a jelly
   184 | D        | Noticed a hound
   184 | D        | Noticed an iguana
   184 | D        | Noticed a worker ant
   184 | D        | Noticed a centaur
   187 | D        | HP: 1/25 [acid (8)]
   188 | D        | Killed a jelly
   188 | D        | Reached skill level 4 in Unarmed Combat
   188 | D        | Reached XP level 2. HP: 1/25 MP: 3/6
   188 | D        | Reached XP level 3. HP: 2/30 MP: 3/7
   190 | D        | Slain by a hound

Levels and vault maps discovered:
D:        linesprint [early_d, line_temple, items_1, d_10, items_2, lair_1,
          lair_end, items_3, orc_1, orc_end, items_4, d_15, swamp_1, shoals_1,
          snake_1, spider_1, d_20, vaults_1, items_5, swamp_end, shoals_end,
          snake_end, spider_end, vaults_end, d_27, items_6, zot_1, zot_end,
          crypt_end, forest_end, elf_end, slime_end, tomb_end, abyss_end,
          pan_hell_end]

Skill      XL: |  1 |
---------------+----+-----
Dodging        | 2 |  2.9
Fighting       | 2 |  2.8
Unarmed Combat | 4 |  4.7
Spellcasting   | 3 |  3.0
Transmutations | 3 |  3.1

Action                   || total
-------------------------++-------
Melee: Unarmed           ||    12
       Kick              ||     2
       Headbutt          ||     1
       Punch             ||     1
 Cast: Beastly Appendage ||     2
  Use: Potion            ||     2
Armor: Skin              ||     2
Dodge: Dodged            ||     4
